 Dungeon Crawl Stone Soup version 0.30-a0-586-g23e55c9e0a (webtiles) character file.

Game seed: 14820892890337927309

4 flotson the Sneak (level 1, 0/18 HPs)
             Began as a Demonspawn Delver on Jan 3, 2023.
             Slain by a scorpion (5 damage)
             ... on level 4 of the Dungeon.
             The game lasted 00:01:12 (127 turns).

flotson the Sneak (Demonspawn Delver)                Turns: 127, Time: 00:01:13

Health: 0/18       AC:  5    Str: 12    XL:     1   Next: 50%
Magic:  1/1        EV: 10    Int: 11    God:
Gold:   8          SH:  0    Dex: 14    Spells: 0/0 levels left

rFire   . . .      SeeInvis .    i - +2 flail (protect)
rCold   . . .      Faith    .    (no shield)
rNeg    . . .      Spirit   .    h - +0 ring mail
rPois   .          Reflect  .    (no helmet)
rElec   .          Harm     .    (no cloak)
rCorr   .          Rampage  .    (no gloves)
Will    .....                    (no boots)
Stlth   ++                       (no amulet)
HPRegen 0.23/turn                (no ring)
MPRegen 0.07/turn                (no ring)

@: lethally poisoned (0 -> -15)
A: no striking features
a: no special abilities


You were on level 4 of the Dungeon.
You visited 1 branch of the dungeon, and saw 2 of its levels.

You collected 8 gold pieces.

Inventory:

Hand Weapons
 a - a +0 hand axe
 b - a +0 battleaxe
 i - a +2 flail of protection (weapon)
Armour
 h - a +0 ring mail (worn)
Wands
 g - a wand of digging (3)
Scrolls
 c - a scroll of fog
 e - a scroll of fear
Potions
 d - a potion of attraction {unknown}
 f - a potion of lignification {unknown}


   Skills:
 + Level 3.0 Fighting
 + Level 1.8 Axes
 + Level 0.1 Armour
 + Level 1.8 Dodging
 + Level 4.5 Stealth
 + Level 0.1 Evocations


You couldn't memorise any spells.
You didn't know any spells.
Your spell library was empty.

Dungeon Overview and Level Annotations

Branches:
Dungeon (5/15)
 Temple: D:4-7

Altars:

Annotations:
D:4 Grinder


Message History

No target in view!
No target in view!
No target in view!
No target in view!
No target in view!
No target in view!
No target in view!
You now have 8 gold pieces.
Found a robe.
A giant cockroach comes into view.
Found a leather armour.
A scorpion comes into view.
You closely miss the scorpion.
The scorpion stings you but does no damage.
You sock the scorpion!
Your weapon exudes an aura of protection.
The scorpion is heavily wounded.
The scorpion closely misses you. The scorpion barely misses you.
You barely miss the scorpion.
The scorpion is heavily wounded.
The giant cockroach barely misses you. The scorpion barely misses you.
You barely miss the scorpion.
The scorpion is heavily wounded.
The giant cockroach bites you but does no damage.
The scorpion stings you but does no damage.
The giant cockroach bites you. The scorpion closely misses you.
You barely miss the scorpion.
The scorpion is heavily wounded.
The giant cockroach closely misses you. The scorpion stings you.
You are poisoned.
The scorpion poisons you! The giant cockroach closely misses you.
The scorpion stings you.
You are lethally poisoned!
The scorpion poisons you!
You barely miss the scorpion.
The scorpion is heavily wounded.
* * * LOW HITPOINT WARNING * * *
You feel extremely sick. The giant cockroach barely misses you.
The scorpion stings you.
You die...

##.............#
..##...........#
.###...........# ##
#...........## #
#.........##.## #
#.........###.#######
# ##.......##
#........ # #......##
##.....### # #.....##
#.@..[.... # ##...##
#.sB....[. # #..##
#.......... # ####
#...........
#...........
#...........
#.#.........
..##........


You could see a scorpion and a giant cockroach.

Vanquished Creatures
  An endoplasm (D:4)
  2 jackals (D:4)
3 creatures vanquished.

Notes
Turn   | Place    | Note
-------+----------+-------------------------------------------
     0 | D:5      | flotson the Demonspawn Delver began the quest for the Orb.
     0 | D:5      | Reached XP level 1. HP: 18/18 MP: 1/1
    18 | D:5      | Noticed an iguana
    19 | D:5      | Noticed a jelly
    60 | D:5      | Noticed a hound
    65 | D:4      | Noticed Grinder
   119 | D:4      | Noticed a scorpion
   127 | D:4      | Slain by a scorpion

Illustrated notes

Levels and vault maps discovered:
D:4:      layout_cave_pods, serial_shops, kennysheep_little_box,
          minmay_crystal_water, uniq_grinder
D:5:      layout_cave_pools

Action                   || total
-------------------------++-------
Melee: Flail             ||    10
       Battleaxe         ||     2
  Use: Scroll            ||     1
       Potion            ||     1
Armor: Ring mail         ||     7
Dodge: Dodged            ||    16

Table legend: (Time is in decaauts)
 A = Elapsed time spent in this place.
 B = Non-inter-level travel time spent in this place.
 C = Inter-level travel time spent in this place.
 D = Time resting spent in this place.
 E = Time spent auto-exploring this place.
 F = Levels seen in this place.
 G = Mean time per level.
                   A        B        C        D        E       F      G
               +--------+--------+--------+--------+--------+-----+--------+
         Total |    113 |    113 |      0 |      0 |     13 |   2 |   56.5 |
       Dungeon |    113 |    113 |      0 |      0 |     13 |   2 |   56.5 |
               +--------+--------+--------+--------+--------+-----+--------+

Top non-repeatable levels by time:
     D:4: 58 daAuts
     D:5: 55 daAuts
